Map: Dusty Gorge

Players

MonstroTown

  • Race: Terran Terran
  • Spawn Location: 3:00

Michael

  • Race: Zerg Zerg
  • League: Gold
  • Spawn Location: 5:00

A.I. 2 (Hard) - Winner!

  • Race: Terran Terran
  • Spawn Location: 9:00

A.I. 3 (Hard) - Winner!

  • Race: Protoss Protoss
  • Spawn Location: 11:00

VOD

Have the link to the VOD?

Description

Time

  • Played on: Sept. 28, 2018, 6:41 p.m.
  • Length: 17:18
Show
View Real Time Build Order
Export as new Build Order

MonstroTown Terran 

Build Orders: MMM Bio 

Get SALT Encoding   

  12  0:01  SCV  
  13  0:13  SCV  
  14  0:18  Supply Depot  
  14  0:26  SCV  
  15  0:40  SCV  
  15  0:42  Barracks  
  16  0:47  Refinery  
  16  0:52  SCV  
  17  1:04  SCV  
  18  1:16  SCV  
  19  1:27  Refinery  
  20  1:33  Reaper  
  20  1:38  Orbital Command  
  20  1:51  Command Center  
  20  2:04  Supply Depot  
  20  2:07  Barracks Reactor  
  20  2:11  SCV  
  21  2:23  Factory  
  21  2:27  SCV  
  22  2:44  SCV  
  22  2:55  Barracks  
  22  2:56  SCV  
  23  3:04  Barracks Tech Lab  
  23  3:06  Engineering Bay  
  23  3:15  Orbital Command  
  23  3:16  SCV  
  24  3:20  Hellion  
  24  3:26  Hellion  
  28  3:28  SCV  
  29  3:40  SCV  
  30  3:42  Hellion  
  30  3:48  Hellion  
  34  3:49  Stimpack  
  34  3:53  Marine  
  35  4:04  Marauder  
  37  4:12  Hellion x2  
  41  4:19  SCV x2  
  43  4:26  Starport  
  43  4:31  SCV  
  44  4:51  Liberator  
  40  4:58  Marine  
  40  4:59  Marine  
  42  5:02  Terran Infantry Weapons Level 1  
  42  5:07  Barracks  
  42  5:09  Barracks  
  42  5:13  Supply Depot  
  43  5:14  SCV  
  43  5:17  Marauder  
  46  5:25  SCV  
  43  5:36  Cyclone x2  
  43  5:38  Marauder  
  43  5:40  Marine  
  49  6:08  Marine  
  49  6:09  Barracks Tech Lab, Barracks Reactor  
  46  6:18  Armory, Engineering Bay, Starport Tech Lab  
  46  6:26  Barracks  
  46  6:27  Factory  
  46  6:28  Barracks  
  46  6:45  Command Center  
  44  6:53  Marine x3  
  46  7:07  Marauder x2  
  50  7:09  Widow Mine x2  
  50  7:13  Factory Tech Lab  
  50  7:15  Combat Shield, Barracks Reactor  
  54  7:17  Concussive Shells  
  54  7:18  Marine x4  
  58  7:27  Marine  
  59  7:31  Supply Depot  
  59  7:32  Supply Depot  
  59  7:43  Refinery  
  59  7:44  Refinery  
  59  8:03  Marine x2  
  59  8:04  Marine  
  60  8:06  Marine x2  
  60  8:10  Raven  
  64  8:13  Orbital Command  
  64  8:21  Command Center  
  64  8:38  Marine  
  64  8:39  Marine x4  
  69  8:50  SCV  
  69  8:51  SCV x2  
  72  8:55  Terran Infantry Weapons Level 2  
  72  8:56  Terran Infantry Armor Level 1  
  72  9:18  Marine x3  
  72  9:19  Marauder x2  
  79  9:26  Supply Depot x2, Barracks Tech Lab  
  79  9:31  Starport  
  79  9:32  Starport  
  79  9:35  Orbital Command  
  79  9:38  Marine  
  79  9:39  Marine  
  79  9:40  SCV x3  
  84  9:46  Marine x2  
  84  9:47  Marauder x2  
  84  9:48  Siege Tank  
  84  9:49  Widow Mine  
  84  9:52  SCV x2  
  97  9:56  Marine  
  83  10:55  Marine x2  
  83  10:56  Marauder, Marine x2  
  76  10:57  Marauder  
  76  10:58  Medivac  
  76  11:00  SCV x4  
  76  11:14  Marauder  
  76  11:18  Marauder x2  
  78  11:22  Terran Infantry Armor Level 2, Terran Infantry Weapons Level 3  
  78  11:23  Barracks  
  78  11:25  Barracks  
  76  11:27  Barracks  
  76  11:28  Barracks, Medivac  
  76  11:29  Starport Tech Lab x2, Barracks  
  76  11:30  Barracks x2  
  76  11:32  Fusion Core  
  75  11:41  Drilling Claws  
  75  11:46  Marine  
  76  11:47  Marine x3  
  76  12:03  Marine x2  
  76  12:04  Marine x2  
  76  12:05  Marauder  
  76  12:06  Banshee x3  
  89  12:13  Marine, Barracks  
  90  12:19  SCV x3  
  90  12:20  Marine  
  90  12:21  Marine  
  90  12:22  Marine  
  96  12:28  Refinery  
  96  12:32  Barracks Tech Lab x2, Barracks Reactor x3  
  96  12:33  Barracks Reactor x2  
  89  13:03  Marine x5  
  89  13:04  Marauder, Marine  
  89  13:05  Marauder  
  97  13:06  Battlecruiser  
  103  13:18  Refinery x2  
  103  13:19  Refinery  
  101  13:22  Marauder x3  
  101  13:26  Marine, Command Center  
  101  13:27  Marine x8  
  102  13:28  Marine x6  
  102  13:29  Command Center  
  102  13:30  Command Center  
  102  13:33  Command Center  
  114  13:42  Marine  
  115  13:52  Barracks Reactor  
  115  13:53  Marine x3  
  115  13:54  Marine x6  
  124  14:03  Marine  
  124  14:04  Marine x2  
  124  14:06  Marauder  
  124  14:07  Marauder  
  130  15:04  Marine x6  
  130  15:05  Marine x2  
  130  15:06  Marine x3  
  138  15:30  High Capacity Fuel Tanks  
  138  15:32  Weapon Refit  
  138  15:41  Battlecruiser x2  
  138  15:42  Battlecruiser  
Show
View Real Time Build Order
Export as new Build Order

Michael Zerg 

Build Orders: Hatch First 

Get SALT Encoding   

  12  0:01  Drone  
  13  0:12  Overlord  
  13  0:18  Drone  
  14  0:31  Drone x2  
  14  0:34  Drone  
  17  0:46  Drone  
  18  0:59  Hatchery  
  18  1:01  Drone  
  18  1:07  Drone  
  19  1:11  Extractor  
  18  1:20  Spawning Pool  
  18  1:22  Drone  
  18  1:28  Drone  
  19  1:39  Drone  
  20  1:49  Overlord  
  20  2:07  Queen  
  22  2:11  Queen  
  22  2:13  Zergling x6  
  27  2:18  Metabolic Boost  
  27  2:23  Drone  
  27  2:24  Drone  
  29  2:32  Evolution Chamber  
  28  2:45  Hatchery  
  27  2:54  Drone x3  
  27  2:58  Drone  
  31  3:00  Drone  
  32  3:08  Overlord  
  32  3:12  Overlord  
  32  3:19  Drone x2  
  34  3:21  Drone  
  32  3:38  Queen  
  32  3:40  Roach Warren  
  33  3:43  Queen  
  35  3:49  Drone x2  
  35  3:50  Drone  
  35  3:54  Drone  
  35  3:55  Drone  
  40  3:57  Drone  
  40  3:59  Drone  
  42  4:05  Queen  
  44  4:12  Zerg Ground Armor Level 1  
  44  4:15  Extractor, Drone  
  44  4:24  Drone x3  
  44  4:27  Lair  
  47  4:37  Drone  
  47  4:38  Drone x2  
  50  4:41  Drone x3  
  50  4:43  Drone  
  54  4:48  Drone  
  54  4:49  Drone  
  54  4:50  Drone x2  
  58  4:54  Overlord x2  
  58  4:55  Overlord  
  58  5:07  Roach Warren  
  57  5:10  Drone  
  57  5:12  Drone  
  59  5:30  Infestation Pit  
  59  5:32  Zergling x2  
  59  5:33  Zergling x26  
  72  5:56  Roach x5  
  82  5:58  Overlord x5  
  82  6:13  Overlord x2  
  82  6:14  Glial Reconstitution  
  82  6:18  Roach x4  
  90  6:25  Queen  
  90  6:28  Burrow, Queen  
  94  6:33  Overlord x2  
  94  6:37  Tunneling Claws  
  94  6:44  Roach x4  
  109  7:40  Drone x4  
  109  7:42  Extractor  
  112  7:44  Extractor  
  112  7:45  Drone  
  112  7:46  Drone  
  112  7:49  Extractor, Drone x3  
  112  7:50  Extractor  
  114  7:52  Drone  
  114  7:53  Drone  
  114  7:54  Drone  
  114  7:56  Drone x3  
  114  7:57  Drone x2  
  122  8:12  Overseer x2  
  150  9:08  Overlord  
  150  9:09  Overlord x6  
  153  9:20  Hatchery  
  153  9:21  Hatchery  
  151  10:23  Drone x14  
  151  10:26  Drone  
  151  10:27  Drone x4  
  170  10:38  Queen  
  170  10:42  Hive  
  172  10:44  Zerg Missile Weapons Level 1  
  199  11:34  Extractor  
  199  11:35  Extractor, Drone x2  
  199  13:23  Zerg Missile Weapons Level 2  
  190  16:33  Spire  
  190  16:35  Spire  
Show
View Real Time Build Order
Export as new Build Order

A.I. 2 (Hard) Terran - Winner!

Build Orders: MMM Bio 

Get SALT Encoding   

  12  0:01  SCV  
  13  0:13  SCV  
  14  0:20  Supply Depot  
  14  0:25  SCV  
  15  0:42  SCV  
  16  0:45  Barracks  
  16  0:52  Refinery  
  16  0:54  SCV  
  17  1:06  SCV  
  19  1:18  SCV  
  19  1:23  Supply Depot  
  19  1:31  SCV, Marine  
  21  1:45  Orbital Command, Barracks  
  21  1:49  Marine  
  21  1:53  Refinery  
  22  2:02  Factory  
  22  2:08  Barracks Tech Lab  
  22  2:23  Supply Depot  
  22  2:26  Marine  
  23  2:32  Marine  
  24  2:44  Marine  
  24  2:50  Marine, Hellion  
  28  2:57  Supply Depot  
  28  3:02  Marine  
  29  3:07  Marine  
  29  3:11  SCV  
  29  3:12  Hellion  
  33  3:19  Marine  
  33  3:23  SCV  
  35  3:27  Engineering Bay  
  35  3:33  Hellion  
  37  3:35  SCV  
  37  3:40  Supply Depot  
  38  3:47  SCV  
  39  3:55  Hellion  
  41  3:59  SCV  
  41  4:11  SCV  
  42  4:23  SCV  
  43  5:02  Barracks Tech Lab  
  43  5:03  Marauder, Stimpack, Terran Infantry Weapons Level 1  
  43  5:05  Factory, Factory Tech Lab  
  45  5:08  Starport  
  45  5:12  Starport  
  45  5:20  Combat Shield  
  45  5:25  Marauder  
  45  5:27  Supply Depot  
  49  5:28  Marauder  
  49  5:37  Siege Tank  
  52  5:45  Starport Tech Lab  
  52  5:48  Starport Tech Lab  
  51  5:50  Marine  
  51  5:51  Missile Turret, Factory Tech Lab  
  51  5:57  Command Center  
  51  6:00  Marine  
  48  6:08  Marine  
  47  6:17  Cyclone  
  50  6:25  Missile Turret  
  50  6:26  Siege Tank  
  53  6:39  Concussive Shells  
  53  6:46  Bunker  
  53  6:52  Raven  
  55  6:58  Terran Infantry Armor Level 1, Barracks  
  55  7:10  SCV  
  55  7:11  SCV  
  56  7:20  Refinery  
  56  7:22  SCV  
  57  7:23  Missile Turret, SCV  
  57  7:29  Missile Turret  
  58  7:30  Refinery  
  58  7:32  Raven  
  58  7:34  SCV  
  58  7:35  SCV  
  62  7:46  SCV  
  62  7:47  SCV  
  62  7:49  Bunker  
  62  7:51  Sensor Tower  
  64  7:58  SCV  
  65  7:59  SCV  
  65  8:05  Armory  
  66  8:06  Barracks Reactor  
  66  8:10  SCV  
  66  8:12  SCV  
  67  8:22  SCV  
  67  8:24  SCV  
  69  8:27  Supply Depot  
  69  8:34  SCV  
  69  8:36  SCV  
  71  8:42  Marine  
  71  8:46  SCV  
  71  8:48  SCV  
  69  8:51  Marine  
  69  8:58  SCV  
  69  9:00  SCV, Marine  
  72  9:08  Marine, Medivac x2  
  77  9:10  Supply Depot  
  77  9:11  SCV  
  78  9:18  Ghost Academy  
  78  9:32  Cyclone  
  78  9:38  Raven, Medivac  
  83  9:40  Supply Depot  
  85  9:46  Ghost  
  85  9:51  Command Center  
  87  9:53  Ghost  
  89  10:03  Thor  
  95  10:09  Supply Depot  
  95  10:10  Marine  
  92  10:17  Marine  
  78  10:25  Marine  
  73  10:32  Marine  
  60  10:35  Viking  
  60  10:40  Viking  
  61  10:48  Marine  
  57  10:55  Marine  
  56  11:02  Marine  
  49  11:06  Starport Tech Lab  
  49  11:09  Marine  
  49  11:10  Medivac  
  49  11:17  Cyclone  
  45  11:20  SCV  
  45  11:24  Ghost  
  45  11:25  Refinery  
  43  11:28  SCV, Viking  
  43  11:32  SCV  
  43  11:35  Marine, Factory Tech Lab  
  40  11:42  Marine  
  40  11:45  SCV  
  39  11:50  Factory Tech Lab  
  35  11:55  SCV  
  35  11:59  SCV  
  28  12:04  SCV  
  28  12:07  SCV  
  20  12:19  SCV  
  12  12:23  SCV  
  12  12:27  SCV  
  14  12:31  SCV  
  15  12:37  SCV  
  15  12:41  SCV  
  15  12:43  SCV  
  15  12:50  SCV  
  11  13:07  SCV  
  11  13:18  SCV  
  11  13:33  Factory  
  10  13:36  SCV  
  10  13:40  SCV  
  12  13:46  SCV  
  6  14:10  SCV  
  6  14:19  Factory Tech Lab  
  6  14:21  SCV  
  6  15:38  SCV  
  7  15:46  SCV  
  7  15:48  Command Center  
  8  15:56  SCV  
  9  16:04  SCV  
  9  16:08  SCV  
  11  16:16  SCV  
  12  16:20  SCV  
  13  16:28  SCV, Marine  
  13  16:39  SCV  
  11  16:48  SCV  
  11  16:56  SCV  
  10  17:03  SCV  
  10  17:05  SCV  
Show
View Real Time Build Order
Export as new Build Order

A.I. 3 (Hard) Protoss - Winner!

Build Orders:  

Get SALT Encoding   

  12  0:01  Probe  
  13  0:13  Probe  
  14  0:20  Pylon  
  14  0:25  Probe  
  15  0:34  Probe  
  15  0:40  Gateway  
  16  0:43  Probe  
  16  0:49  Assimilator  
  17  0:51  Probe  
  18  0:59  Probe  
  18  1:02  Pylon  
  19  1:23  Probe  
  20  1:30  Zealot  
  22  1:32  Cybernetics Core  
  22  1:45  Gateway  
  22  1:47  Assimilator  
  22  1:59  Stalker  
  22  2:08  Pylon  
  24  2:15  Warp Gate  
  24  2:29  Stalker  
  26  2:39  Zealot  
  28  2:54  Pylon  
  28  2:59  Stalker  
  30  3:07  Stalker  
  32  3:20  Probe  
  33  3:29  Stalker  
  33  3:32  Probe  
  36  3:37  Stalker, Pylon  
  38  3:44  Probe  
  39  3:53  Forge  
  39  3:56  Probe  
  39  3:59  Adept  
  42  4:07  Adept  
  42  4:08  Probe  
  44  4:20  Probe  
  45  4:33  Probe  
  46  4:45  Probe  
  31  4:57  Probe  
  32  5:06  Probe  
  33  5:14  Probe  
  34  5:23  Probe  
  35  5:35  Probe  
  36  5:47  Probe  
  37  5:59  Probe  
  38  6:06  Sentry  
  38  6:07  Protoss Ground Weapons Level 1  
  38  6:09  Probe  
  38  6:10  Gateway  
  40  6:14  Twilight Council  
  40  6:17  Probe  
  41  6:25  Nexus  
  42  6:34  Blink  
  42  6:52  Probe  
  23  7:04  Probe  
  23  7:07  Stalker  
  26  7:16  Probe  
  27  7:23  Zealot  
  27  7:28  Probe  
  30  7:34  Stalker  
  32  7:40  Probe  
  33  7:44  Probe  
  33  7:45  Stalker  
  36  7:55  Adept  
  36  7:56  Probe  
  39  7:59  Probe  
  40  8:07  Probe  
  40  8:08  Protoss Ground Armor Level 1  
  40  8:11  Probe  
  42  8:15  Probe  
  42  8:20  Zealot  
  42  8:23  Probe x2  
  45  8:31  Stalker  
  45  8:33  Probe  
  48  8:34  Probe  
  50  8:42  Stalker  
  50  8:43  Probe  
  50  8:46  Probe  
  54  8:52  Probe  
  54  8:53  Stalker  
  57  8:58  Probe  
  58  9:03  Stalker  
  58  9:04  Probe  
  58  9:09  Pylon  
  61  9:11  Probe  
  61  9:14  Sentry  
  61  9:16  Probe  
  65  9:21  Robotics Facility  
  65  9:25  Sentry  
  65  9:28  Probe  
  65  9:29  Probe  
  69  9:33  Pylon  
  69  9:35  Adept  
  71  9:38  Photon Cannon  
  71  9:40  Probe  
  71  9:43  Photon Cannon  
  72  9:48  Pylon  
  72  9:50  Pylon  
  72  9:59  Stargate  
  72  10:04  Forge  
  72  10:06  Observer  
  72  10:13  Photon Cannon  
  73  10:15  Photon Cannon  
  73  10:20  Observer  
  74  10:33  Void Ray  
  74  10:40  Warp Prism, Assimilator  
  74  10:47  Gateway  
  68  10:50  Stargate, Zealot  
  68  10:54  Nexus  
  56  11:05  Stalker  
  54  11:11  Stalker  
  54  11:15  Warp Prism  
  58  11:20  Zealot  
  58  11:22  Robotics Facility  
  60  11:28  Stalker  
  62  11:34  Sentry  
  64  11:41  Stalker  
  64  11:44  Observer  
  66  11:47  Zealot  
  66  11:54  Warp Prism, Zealot  
  71  12:00  Stalker  
  73  12:06  Stalker  
  77  12:12  Protoss Ground Weapons Level 2  
  77  12:13  Stalker  
  79  12:19  Stalker  
  79  12:22  Probe  
  82  12:24  Probe  
  82  12:25  Probe  
  82  12:26  Stalker  
  86  12:32  Sentry  
  86  12:34  Probe  
  86  12:36  Probe  
  90  12:37  Probe  
  90  12:39  Void Ray  
  95  12:46  Probe  
  95  12:48  Probe  
  95  12:50  Probe  
  98  12:55  Stalker  
  90  12:59  Probe  
  90  13:01  Zealot  
  79  13:07  Assimilator  
  79  13:08  Stalker  
  63  13:15  Zealot  
  63  13:17  Assimilator  
  58  13:21  Zealot  
  56  13:27  Stalker  
  58  13:36  Probe  
  58  13:37  Nexus  
  58  13:41  Probe  
  60  13:46  Zealot  
  52  13:48  Probe  
  52  13:53  Stalker  
  51  13:59  Stalker  
  51  14:00  Probe  
  54  14:06  Stalker  
  56  14:14  Robotics Facility, Zealot  
  58  14:20  Stalker  
  60  14:27  Stalker  
  62  14:32  Sentry  
  62  14:37  Zealot  
  62  14:43  Zealot  
  46  14:47  Zealot  
  44  14:55  Stalker  
  38  15:09  Stalker  
  32  15:17  Stalker  
  28  15:27  Stalker  
  26  15:40  Stalker  
  26  15:43  Zealot  
  24  15:57  Stalker  
  22  16:05  Zealot  
  17  16:31  Nexus  
  13  16:54  Pylon  
Tags
 
Add a new tag
Caveats
  • Supply blocks, unpowered buildings, or Contaminate may cause inaccurate times.
  • Supply counts are checked every 10 seconds.